 Dungeon Crawl Stone Soup version 0.20.0-15-g7f486f2 (webtiles) character file.

2300 Inarius the Digger (level 9, -1/45 HPs)
             Began as a Gargoyle Earth Elementalist on June 23, 2017.
             Was a Believer of Hepliaklqana.
             Slain by Ic0n's ghost (12 damage)
             ... on level 6 of the Dungeon.
             The game lasted 00:18:09 (8108 turns).

Inarius the Digger (Gargoyle Earth Elementalist)    Turns: 8108, Time: 00:18:10

Health: -1/45      AC: 10    Str: 11    XL:     9   Next: 40%
Magic:  6/18       EV: 13    Int: 20    God:    Hepliaklqana [**....]
Gold:   389        SH:  0    Dex: 12    Spells: 7/20 levels left

rFire    . . .     SeeInvis .   n - +1 dagger (elec)
rCold    . . .     Gourm    .   (no shield)
rNeg     + . .     Faith    .   y - +2 robe
rPois    ∞         Spirit   .   (no helmet)
rElec    +         Reflect  .   (no cloak)
rCorr    +         Harm     .   (no gloves)
MR       .....                  (no boots)
Stlth    ++........             (no amulet)
Regen    0.2/turn               E - +2 ring of dexterity
MPRegen  0.2/turn               q - ring of resist corrosion

@: no status effects
A: reduced essence, negative energy resistance 1, electricity resistance,
unbreathing, petrification resistance, rot immunity, AC +5
a: Recall Ancestor, Ancestor Identity, Renounce Religion


You were on level 6 of the Dungeon.
You worshipped Hepliaklqana.
Hepliaklqana was pleased with you.
You were not hungry.

You visited 1 branch of the dungeon, and saw 6 of its levels.
You also visited: Sewer.

You collected 389 gold pieces.

Inventory:

Hand Weapons
 n - a +1 dagger of electrocution (weapon)
Missiles
 b - 128 stones (quivered)
Armour
 o - a +1 scale mail of cold resistance
 r - a +0 scale mail
 u - a +0 leather armour
 y - a +2 robe (worn)
Jewellery
 j - an uncursed ring of fire
 q - a ring of resist corrosion (right hand)
 E - a +2 ring of dexterity (left hand)
Wands
 B - a wand of polymorph (14/24)
Scrolls
 a - 2 scrolls of enchant weapon {unknown}
 g - 5 scrolls of teleportation
 h - 7 scrolls of remove curse
 i - 3 scrolls of magic mapping
 m - a scroll of immolation {unknown}
 t - 2 scrolls of blinking
 x - a scroll of fear {unknown}
 D - 3 scrolls of identify {unknown}
 H - a scroll of recharging {unknown}
Potions
 c - 2 potions of flight {unknown}
 l - 3 potions of resistance {unknown}
 p - 2 potions of agility {unknown}
 s - 2 potions of mutation {unknown}
 v - a potion of brilliance {unknown}
 z - a potion of magic {unknown}
 A - 2 potions of curing {unknown}
 C - a potion of might {unknown}
 G - a potion of invisibility {unknown}
Books
 e - a book of Geomancy

   Spells                             Type                      Level
   a - Sandblast                      Earth                        1
   b - Passwall                       Transmutation/Earth          2
   c - Stone Arrow                    Conjuration/Earth            3
   d - Petrify                        Transmutation/Earth          4
   e - Lee's Rapid Deconstruction     Earth                        5
 w - a book of Misfortune

   Spells                             Type                      Level
   a - Confusing Touch                Hexes                        1
   b - Confuse                        Hexes                        3
   c - Gell's Gravitas                Translocation                3
   d - Petrify                        Transmutation/Earth          4
   e - Metabolic Englaciation         Hexes/Ice                    5
   f - Yara's Violent Unravelling     Hexes/Transmutation          5
Comestibles
 d - 3 bread rations
 f - 2 royal jellies
 k - 5 meat rations
 F - 3 fruits
 I - 3 chunks of flesh


   Skills:
 * Level 3.5 Fighting
 + Level 5.0 Armour
 + Level 2.8 Dodging
 - Level 2.1 Stealth
 + Level 6.3 Spellcasting
 * Level 4.7 Conjurations
 * Level 2.3 Transmutations
 + Level 7.9 Earth Magic


You had 7 spell levels left.
You knew the following spells:

 Your Spells              Type           Power        Failure   Level  Hunger
a - Sandblast             Erth           #####.       1%          1    None
b - Stone Arrow           Conj/Erth      ####..       2%          3    ##.....
c - Petrify               Tmut/Erth      ####....     12%         4    ####...
d - Lee's Rapid Deconstr  Erth           #####.....   11%         5    #####..


Dungeon Overview and Level Annotations

Branches:
Dungeon (6/15)
 Temple: D:4-7

Altars:
Ashenzari
Fedhas
Hepliaklqana
Makhleb
Nemelex Xobeh
Qazlal
Uskayaw
Xom
The Shining One

Annotations:
D:6 Ic0n's ghost, novice DsGl


Innate Abilities, Weirdness & Mutations

You are resistant to torment.
Your stone body is resilient. (AC +5)
You are immune to poison.
You resist negative energy. (rN+)
You are resistant to electric shocks. (rElec)
You can survive without breathing.
You are immune to petrification.
You are immune to rotting.
Your life essence is reduced. (-10% HP)


Message History

Aim: Ic0n's ghost (almost destroyed)
The stone arrow hits Ic0n's ghost.
Ic0n's ghost is almost destroyed.
Ic0n's ghost hits you!
Tawil barely misses Ic0n's ghost.
Tawil misses Ic0n's ghost.
Ic0n's ghost hits you but does no damage.
Tawil hits Ic0n's ghost with a flail.
Ic0n's ghost hits you but does no damage.
Tawil barely misses Ic0n's ghost.
Tawil misses Ic0n's ghost.
Ic0n's ghost hits you!
* * * LOW HITPOINT WARNING * * *
Tawil hits Ic0n's ghost with a flail.
Tawil closely misses Ic0n's ghost.
Okay, then.
Unknown command.
Ic0n's ghost whispers, "Soon you will have time, lots of time..."
There is a stone staircase leading up here.
Ic0n's ghost hits you!
You die...

##### ....# # #.#.# #.. .#
....##########.##########.#
#.#..##......#.#@.........
.............#.#W.####...
##..###......#W#..#..#.# .#.##
#.######.#R.#....#
.#.####.######.#..#..############
.).....W.........................
.#.##############.###.##.########
.#.# #..........##.#
...#########.#.#..##..##.#


You could see the friendly Tawil the knight and Ic0n's ghost.

Vanquished Creatures
  Sigmund (D:6)
  Duvessa (D:4)
  An ice beast (D:6)
  A phantom (D:4)
  A sky beast (D:5)
  2 orc warriors
  2 centaurs
  An ogre (D:6)
  3 big kobolds (Sewer)
  2 bullfrogs (D:6)
  Dowan (D:4)
  2 scorpions
  A howler monkey (D:5)
  A centaur zombie (D:6)
  A jelly (D:6)
  An orc priest (D:6)
  2 orc wizards
  A worker ant (D:3)
  A hound zombie (D:5)
  12 adders
  2 gnolls (D:5)
  3 river rats (Sewer)
  A shadow imp (D:5)
  8 oozes
  An adder zombie (D:6)
  8 worms
  A dart slug (D:3)
  A leopard gecko (D:1)
  10 orcs
  5 ball pythons
  5 giant cockroaches
  9 goblins
  4 hobgoblins
  4 jackals
  10 kobolds
  7 bats
  3 frilled lizards
  7 rats
127 creatures vanquished.

Vanquished Creatures (collateral kills)
  2 bullfrogs (D:6)
  A scorpion (D:6)
  A crimson imp (D:6)
  2 worker ants
  A hound skeleton (D:5)
  3 gnolls
  An ooze (D:3)
  An orc (D:6)
  A giant cockroach (D:3)
  A jackal (D:6)
14 creatures vanquished.

Vanquished Creatures (others)
  2 ancestors
2 creatures vanquished.

Grand Total: 143 creatures vanquished

Notes
Turn   | Place    | Note
-------+----------+-------------------------------------------
     0 | D:1      | Inarius the Gargoyle Earth Elementalist began the quest for the Orb.
     0 | D:1      | Reached XP level 1. HP: 10/10 MP: 3/3
   381 | D:1      | Reached skill level 4 in Earth Magic
   381 | D:1      | Reached XP level 2. HP: 15/15 MP: 1/5
   903 | D:2      | Reached skill level 1 in Armour
   913 | D:2      | Found a blossoming altar of Fedhas.
   927 | D:2      | Reached XP level 3. HP: 19/19 MP: 6/6
   947 | D:2      | Learned a level 3 spell: Stone Arrow
  1842 | D:3      | Found a glowing drain.
  1851 | D:3      | Reached XP level 4. HP: 24/24 MP: 7/7
  1867 | Sewer    | Entered a sewer
  2457 | Sewer    | Noticed a big kobold
  2468 | Sewer    | Reached skill level 1 in Fighting
  2472 | Sewer    | Killed a big kobold
  2472 | Sewer    | Reached skill level 5 in Earth Magic
  2472 | Sewer    | Reached XP level 5. HP: 23/29 MP: 1/9
  2701 | Sewer    | Noticed a big kobold
  2720 | Sewer    | Killed a big kobold
  2720 | Sewer    | Reached skill level 1 in Conjurations
  2720 | Sewer    | Reached XP level 6. HP: 26/35 MP: 3/10
  3273 | D:3      | Found a hazy altar of Hepliaklqana.
  3281 | D:3      | Became a worshipper of Hepliaklqana the Forgotten
  3422 | D:3      | Reached XP level 7. HP: 36/36 MP: 5/12
  4062 | D:3      | Learned a level 4 spell: Petrify
  4068 | D:3      | Learned a level 5 spell: Lee's Rapid Deconstruction
  4270 | D:4      | Noticed Dowan
  4275 | D:4      | Killed Dowan
  4275 | D:4      | Reached skill level 6 in Earth Magic
  4279 | D:4      | Noticed Duvessa
  4467 | D:4      | Killed Duvessa
  4680 | D:4      | Found a glowing golden altar of the Shining One.
  4714 | D:4      | Reached * piety under Hepliaklqana
  4951 | D:4      | Found a sparkling altar of Nemelex Xobeh.
  5014 | D:4      | Reached XP level 8. HP: 6/39 MP: 1/14
  5592 | D:5      | Entered Level 5 of the Dungeon
  5942 | D:5      | Reached skill level 5 in Spellcasting
  5952 | D:5      | Reached skill level 5 in Armour
  5952 | D:5      | Reached skill level 7 in Earth Magic
  6457 | D:6      | Reached skill level 1 in Transmutations
  6472 | D:6      | Noticed Ic0n's ghost (novice DsGl)
  6827 | D:6      | Reached ** piety under Hepliaklqana
  6828 | D:6      | Remembered your ancestor Tawil as a knight
  6951 | D:6      | Found a stormy altar of Qazlal.
  6953 | D:6      | Found a shimmering altar of Xom.
  6957 | D:6      | Found a burning altar of Makhleb.
  6957 | D:6      | Found a shattered altar of Ashenzari.
  7146 | D:6      | Reached XP level 9. HP: 17/44 MP: 10/18
  7564 | D:6      | Noticed Sigmund
  7828 | D:6      | Killed Sigmund
  7955 | D:6      | Found a hide-covered altar of Uskayaw.
  7958 | D:6      | Noticed a hand axe
  7959 | D:6      | Noticed a hand axe
  8108 | D:6      | Slain by Ic0n's ghost

Skill      XL: |  1  2  3  4  5  6  7  8  9 |
---------------+----------------------------+-----
Earth Magic    | 4 5 6 7 |  7.9
Armour         | 1 2 3 4 5 |  5.0
Dodging        | 2 |  2.8
Fighting       | 1 2 3 |  3.5
Spellcasting   | 3 4 6 |  6.3
Conjurations   | 1 2 4 |  4.7
Transmutations | 1 2 |  2.3
Stealth        | |  2.1

Action                   |  1- 3 |  4- 6 |  7- 9 || total
-------------------------+-------+-------+-------++-------
Melee: Unarmed           |    10 |       |       ||    10
       Whip              |     6 |       |       ||     6
       Dagger            |    54 |   115 |   118 ||   287
 Cast: Sandblast         |    15 |    52 |    34 ||   101
       Stone Arrow       |       |       |    46 ||    46
Invok: Recall Ancestor   |       |       |     3 ||     3
       Ancestor Life: Kn |       |       |     1 ||     1
  Use: Scroll            |       |     6 |       ||     6
 Stab: Sleeping          |     2 |     1 |     1 ||     4
  Eat: Chunk             |     3 |     6 |     7 ||    16
       Bread ration      |       |       |     2 ||     2
Armor: Robe              |    19 |       |    45 ||    64
       Leather armour    |     4 |    23 |       ||    27
       Scale mail        |       |    12 |    28 ||    40
Dodge: Dodged            |    51 |    70 |   104 ||   225
